 Dungeon Crawl Stone Soup version 0.29-a0-563-g64e4043184 (webtiles) character file.

Game seed: 17119867214824042529

16360 dolemite99 the Cruncher (level 12, -25/100 HPs)
             Began as a Demonspawn Gladiator on June 11, 2022.
             Was a Follower of Yredelemnul.
             Annihilated by a very large slime creature (48 damage)
             ... in an ice cave.
             The game lasted 00:21:28 (18894 turns).

dolemite99 the Cruncher (Demonspawn Gladiator)     Turns: 18894, Time: 00:21:29

Health: -25/100    AC: 19    Str: 21    XL:     12   Next: 9%
Magic:  12/12      EV: 16    Int: 16    God:    Yredelemnul [*.....]
Gold:   480        SH:  4    Dex: 16    Spells: 11/11 levels left

rFire   . . .      SeeInvis +   b - +0 lajatang
rCold   + . .      Faith    .   (shield currently unavailable)
rNeg    . . .      Spirit   .   j - +0 chain mail {rPois}
rPois   +          Reflect  .   c - +0 helmet
rElec   .          Harm     .   S - +2 cloak
rCorr   .          Rampage  .   B - +0 pair of gloves
Will    +....                   F - +2 pair of boots
Stlth   ..........              V - amulet of the acrobat
HPRegen 0.26/turn               z - ring "Goiqaly" {rC+ Str+3 Int+6 SInv, =R}
MPRegen 0.13/turn               q - +4 ring of evasion

@: no status effects
A: repulsion field 2, powered by pain 2, condensation shield, demonic willpower,
demonic touch 1
a: Renounce Religion, Recall Undead Harvest


You were in an ice cave.
You worshipped Yredelemnul.
Yredelemnul was noncommittal.
You visited 1 branch of the dungeon, and saw 12 of its levels.
You also visited: Sewer and Ice Cave.

You collected 722 gold pieces.
You spent 242 gold pieces at shops.

Inventory:

Hand Weapons
 a - a +4 quarterstaff
 b - a +0 lajatang (weapon)
 m - a +2 mace of protection
 C - a +2 antimagic hand axe
 N - the +9 war axe of the Firefly {freeze, Str+4 Int+2}
   (You found it on level 8 of the Dungeon)

   It freezes those it strikes, dealing additional cold damage.
   It can also slow down cold-blooded creatures.
   Str:       It affects your strength (+4).
   Int:       It affects your intelligence (+2).
 P - a +4 trident
Missiles
 d - 3 throwing nets
 e - 5 javelins
 f - 254 stones
 l - 11 boomerangs
 v - 10 poisoned darts
 x - 4 atropa-tipped darts
Armour
 c - a +0 helmet (worn)
 j - a +0 chain mail of poison resistance (worn)
 B - a +0 pair of gloves (worn)
 F - a +2 pair of boots (worn)
 S - a +2 cloak (worn)
 X - a +0 cloak of cold resistance
Magical Staves
 H - a staff of earth
Jewellery
 p - a ring of see invisible
 q - a +4 ring of evasion (right hand)
 y - a +6 ring of dexterity
 z - the ring "Goiqaly" (left hand) {rC+ Str+3 Int+6 SInv, =R}
   (You acquired it on level 8 of the Dungeon)

   [ring of intelligence]

   Str:       It affects your strength (+3).
   Int:       It affects your intelligence (+6).
   rC:        It protects you from cold.
   SInv:      It lets you see invisible.
 O - a ring of protection from fire
 V - an amulet of the acrobat (around neck)
Wands
 k - a wand of mindburst (7)
 G - a wand of polymorph (4)
 I - a wand of paralysis (7)
 K - a wand of iceblast (21)
 R - a wand of flame (11)
Scrolls
 h - 3 scrolls of poison
 n - 2 scrolls of teleportation
 E - 3 scrolls of fog
 J - 2 scrolls of silence
 M - 2 scrolls of vulnerability
 W - a scroll of magic mapping {unknown}
Potions
 g - 2 potions of berserk rage
 i - 2 potions of degeneration
 o - a potion of haste {unknown}
 r - 2 potions of ambrosia
 s - 6 potions of attraction
 t - a potion of mutation {unknown}
 u - 2 potions of heal wounds {unknown}
 A - a potion of cancellation {unknown}
 D - 2 potions of might {unknown}
 L - 2 potions of curing
 T - a potion of magic {unknown}
 U - a potion of lignification {unknown}


   Skills:
 - Level 11.2 Fighting
 - Level 12.0 Staves
 - Level 1.7 Throwing
 + Level 6.0 Armour
 - Level 2.6 Dodging
 - Level 8.4 Evocations


You had 11 spell levels left.
You didn't know any spells.
Your spell library contained the following spells:

 Spells                   Type           Power      Damage    Failure   Level
 Sandblast                Erth           0%         2d4       90%         1
 Slow                     Hex            0%         N/A       90%         1
 Passwall                 Tmut/Erth      0%         N/A       97%         2
 Poisonous Vapours        Pois/Air       0%         N/A       97%         2
 Confusing Touch          Hex            0%         N/A       99%         3
 Stone Arrow              Conj/Erth      0%         3d7       99%         3
 Vampiric Draining        Necr           0%         2d6       99%         3
 Animate Armour           Summ/Erth      0%         N/A       100%        4
 Corpse Rot               Necr/Pois/Air  0%         N/A       100%        4
 Lehudib's Crystal Spear  Conj/Erth      0%         10d2      100%        8


Dungeon Overview and Level Annotations

Branches:
Dungeon (12/15)            Temple (0/1) D:7            Lair (0/6) D:8
    Orc (0/2) D:11          Sewer (visited)           IceCv (1/1)

Altars:
Hepliaklqana
Nemelex Xobeh
Wu Jian
Xom
Yredelemnul
Beogh

Shops:
D:3 (   D:4 **   D:5 !   D:6 *

Annotations:
D:7 2 transporters
D:10 1 runed translucent door, bchevrier's ghost, novice MiFi
D:12 exclusion: ice statue


Innate Abilities, Weirdness & Mutations

You are surrounded by a moderate repulsion field. (EV +3)
You sometimes gain power by taking damage.
A meltable shield of frost defends you. (SH +4)
You punish those that try to bend your will. (Will+)
Your touch may inflict minor irresistible damage on your foes.


Message History

You are too injured to fight recklessly!
You are too injured to fight recklessly!
You are too injured to fight recklessly!
You are too injured to fight recklessly!
You are too injured to fight recklessly!
You are too injured to fight recklessly!
You are too injured to fight recklessly!
You are too injured to fight recklessly!
You are too injured to fight recklessly!
You are too injured to fight recklessly!
You are too injured to fight recklessly!
You are too injured to fight recklessly!
You hit the very large slime creature.
The very large slime creature is lightly wounded.
The very large slime creature hits you but does no damage.
The slime creature hits you but does no damage.
Your slime creature zombie hits the very large slime creature!
You hit the very large slime creature.
The very large slime creature is moderately wounded.
The very large slime creature hits you!
The slime creature hits you but does no damage.
You slice the very large slime creature!!
The very large slime creature is moderately wounded.
Your slime creature zombie hits the very large slime creature!
You slash the very large slime creature!
The very large slime creature is heavily wounded.
The very large slime creature barely misses you.
You block the slime creature's attack.
Your slime creature zombie hits the very large slime creature.
You slice the very large slime creature!!
The very large slime creature is heavily wounded.
The very large slime creature hits you!
* * * LOW HITPOINT WARNING * * *
The slime creature misses you.
You slice the very large slime creature!!
The very large slime creature is severely wounded.
Your slime creature zombie hits the very large slime creature!
The very large slime creature hits you!!!
You die...
Your body rises from the dead as a mindless zombie.

##..# ##Z.# #.##
.##..## #..#
##..##.##..# ##..#
#...... #..# #...#
#..... #..####..##
#.... #..##....#.
#......##.......##.
#JJ#...#...##...#..
#Z@##.##...##..##[.
#..##.#....##.Z##.#
#...#.#....##.Z##.#
#...#.#...###.Z.#..
##.......## #...ZZ.
#.......# #......
##......# ##.....
#.....## #.....
##...## ##...#


You could see a very large slime creature (ally target), a slime creature and a
friendly slime creature zombie.

Vanquished Creatures
  A quicksilver ooze (IceCv)
  A boulder beetle (D:12)
  A two-headed ogre (D:10)
  A cyclops (D:12)
  2 ice statues (IceCv)
  2 entropy weaver simulacra (IceCv)
  A troll (D:11)
  2 hornets
  12 slime creatures (IceCv)
  A vampire (D:7)
  2 wyverns (D:10)
  2 wraiths
  3 basilisks (D:8)
  8 yaks
  A fire bat (D:8)
  2 steam dragons
  2 demonic crawler simulacra (IceCv)
  Duvessa (D:4)
  3 water moccasins
  An acid dragon (D:9)
  A sky beast (D:8)
  A black bear (D:7)
  3 orc warriors
  3 ugly thing simulacra (IceCv)
  An ogre (D:7)
  A centaur (D:7)
  A kobold brigand (Sewer)
  6 scorpions
  A gnoll sergeant (D:8)
  A bullfrog (D:8)
  3 glowing shapeshifter simulacra (IceCv)
  13 wights
  Dowan (D:4)
  5 killer bees
  A jelly (D:8)
  10 orc priests
  3 hounds
  2 iguanas
  13 orc wizards
  A hell rat (D:8)
  2 gnolls
  11 adders
  10 river rats
  A white imp (D:7)
  2 ufetubi (D:5)
  7 worms
  2 dart slugs
  32 orcs
  4 endoplasms
  7 giant cockroaches
  5 hobgoblins
  5 jackals
  8 quokkas
  6 ball pythons
  3 bats
  5 frilled lizards
  7 goblins
  9 kobolds
  15 rats
261 creatures vanquished.

Vanquished Creatures (collateral kills)
  4 slime creatures (IceCv)
  3 wyverns
  A basilisk (D:8)
  A yak (D:11)
  A steam dragon (D:5)
  2 demonic crawler simulacra (IceCv)
  A swamp drake (D:8)
  An ogre (D:6)
  An ugly thing simulacrum (IceCv)
  A phantom (D:5)
  A kobold brigand (D:8)
  A glowing shapeshifter simulacrum (IceCv)
  A wight (D:7)
  3 hounds
  A jelly (D:5)
  3 iguanas
  An orc wizard (D:5)
  3 adders
  2 gnolls
  A river rat (Sewer)
  A worm (D:2)
  8 orcs
  A ball python (Sewer)
  An endoplasm (D:3)
  A giant cockroach (D:3)
  A hobgoblin (D:3)
  2 jackals (D:5)
  A quokka (D:8)
  A frilled lizard (D:2)
  2 kobolds
  5 rats
57 creatures vanquished.

Vanquished Creatures (others)
  10 slime creature zombies (IceCv)
  A fire bat zombie (D:8)
  A sky beast (D:8)
  A wyvern zombie (D:8)
  A yak zombie (D:11)
  A bullfrog zombie (D:8)
  3 scorpion zombies
  An acid dragon zombie (D:9)
  3 hound zombies
  2 adder zombies
  2 iguana zombies
  23 orc zombies
  2 bat zombies
  6 river rat zombies
  3 ball python zombies
  2 endoplasm zombies
  2 goblin zombies
  A jackal zombie (D:5)
  4 kobold zombies
  A quokka zombie (D:8)
  8 rat zombies
  7 fungi
  28 plants
113 creatures vanquished.

Grand Total: 431 creatures vanquished

Notes
Turn   | Place    | Note
-------+----------+-------------------------------------------
     0 | D:1      | dolemite99 the Demonspawn Gladiator began the quest for the
                  | Orb.
     0 | D:1      | Reached XP level 1. HP: 16/16 MP: 1/1
   266 | D:1      | Reached skill level 3 in Staves
   485 | D:1      | Gained mutation: You sometimes gain a little power by
                  | taking damage. [demonic ancestry]
   485 | D:1      | Reached XP level 2. HP: 22/22 MP: 2/2
  1459 | D:2      | Found a faded altar of an unknown god.
  1470 | D:2      | Prayed at the altar of an unknown god.
  1470 | D:2      | Became a worshipper of Yredelemnul the Dark
  1539 | D:2      | Reached * piety under Yredelemnul
  1540 | D:2      | Gained mutation: You are surrounded by a mild repulsion
                  | field. (EV +2) [demonic ancestry]
  1540 | D:2      | Reached XP level 3. HP: 16/27 MP: 3/3
  1758 | D:2      | Reached skill level 4 in Staves
  1790 | D:2      | Found a sparkling altar of Nemelex Xobeh.
  2026 | D:2      | Reached ** piety under Yredelemnul
  2193 | D:3      | Identified the +2 robe "Urhynowk" {-Tele Rampage rF+ Str+6}
  2274 | D:3      | Reached XP level 4. HP: 18/33 MP: 4/4
  2420 | D:3      | Found Waz Nieb's Antique Weapon Emporium.
  2698 | D:3      | Reached skill level 5 in Staves
  3173 | D:3      | Gained mutation: You are surrounded by a moderate repulsion
                  | field. (EV +3) [demonic ancestry]
  3173 | D:3      | Reached XP level 5. HP: 37/38 MP: 5/5
  3522 | D:4      | Found Ypreim's Elemental Accessories.
  3533 | D:4      | Bought a wand of flame (20) for 132 gold pieces
  3689 | D:4      | Reached skill level 6 in Staves
  3864 | D:4      | Reached XP level 6. HP: 39/44 MP: 6/6
  3913 | D:4      | Identified a scroll of acquirement
  3914 | D:4      | Acquired a +4 ring of evasion
  3945 | D:4      | Noticed Duvessa
  3945 | D:4      | Noticed Dowan
  3969 | D:4      | Killed Duvessa
  3983 | D:4      | Killed Dowan
  3984 | D:4      | Reached skill level 7 in Staves
  4078 | D:4      | Reached XP level 7. HP: 49/50 MP: 7/7
  4413 | D:4      | Found Zuckoz's General Store.
  4413 | D:4      | Found Qunuw's Specific Store.
  4425 | D:4      | Bought a scroll of identify for 22 gold pieces
  4751 | D:5      | Entered Level 5 of the Dungeon
  5070 | D:5      | Found a glowing drain.
  5093 | Sewer    | Entered a sewer
  5115 | Sewer    | Reached skill level 8 in Staves
  6047 | D:5      | Reached skill level 9 in Staves
  6047 | D:5      | Gained mutation: A meltable shield of frost defends you.
                  | (SH +4) [demonic ancestry]
  6047 | D:5      | Reached XP level 8. HP: 54/56 MP: 8/8
  6322 | D:5      | Found Qaarphao's Distillery.
  6349 | D:5      | Bought a potion of curing for 36 gold pieces
  6470 | D:5      | Reached skill level 10 in Staves
  7013 | D:6      | Reached skill level 1 in Evocations
  7569 | D:6      | Gained mutation: Your touch may inflict minor irresistible
                  | damage on your foes. [demonic ancestry]
  7569 | D:6      | Reached XP level 9. HP: 51/61 MP: 9/9
  7780 | D:6      | Found Buseepse's Serpentskin Sales.
  7836 | D:6      | Bought a scroll of poison for 52 gold pieces
  7977 | D:7      | You fall into a shaft and drop 3 floors!
  7977 | D:10     | Entered Level 10 of the Dungeon
  7981 | D:10     | Noticed a two-headed ogre
  7996 | D:10     | Killed a two-headed ogre
  8397 | D:9      | Found a faded altar of an unknown god.
  8397 | D:9      | Found a faded altar of an unknown god.
  8397 | D:9      | Found a faded altar of an unknown god.
  8399 | D:9      | Found a hazy altar of Hepliaklqana.
  8399 | D:9      | Found a faded altar of an unknown god.
  8853 | D:7      | Found a transporter.
  8920 | D:7      | Found a transporter.
  9342 | D:7      | Found a staircase to the Ecumenical Temple.
  9407 | D:7      | Reached skill level 11 in Staves
  9738 | D:8      | Reached XP level 10. HP: 63/67 MP: 10/10
  9868 | D:8      | Found a staircase to the Lair.
  9879 | D:8      | Reached *** piety under Yredelemnul
  9933 | D:8      | Acquired the ring "Goiqaly" {rC+ Str+3 Int+6 SInv}
 10562 | D:8      | Noticed Psyche
 10718 | D:8      | Noticed Psyche
 10718 | D:8      | Psyche changed into Psyche the fire bat
 10723 | D:8      | Killed Psyche the fire bat
 10724 | D:8      | Reached skill level 12 in Staves
 10801 | D:8      | Your ally Psyche died
 10827 | D:8      | Reached skill level 1 in Armour
 11405 | D:8      | Identified the +9 war axe of the Firefly {freeze, Str+4
                  | Int+2}
 12210 | D:9      | HP: 2/67 [wyvern (14)]
 13378 | D:10     | Reached skill level 5 in Armour
 13936 | D:10     | Found a runed translucent door.
 13936 | D:10     | Found a shimmering altar of Xom.
 13936 | D:10     | Noticed a +0 trident of chaos
 13936 | D:10     | Noticed bchevrier's ghost (novice MiFi)
 14744 | D:11     | Found a staircase to the Orcish Mines.
 14781 | D:11     | Gained mutation: You sometimes gain power by taking damage.
                  | [demonic ancestry]
 14781 | D:11     | Reached XP level 11. HP: 51/77 MP: 11/11
 15229 | D:11     | Reached skill level 5 in Fighting
 15529 | D:11     | Found an ornate altar of the Wu Jian Council.
 15944 | D:12     | Noticed a boulder beetle
 15988 | D:12     | Killed a boulder beetle
 16109 | D:12     | Found a frozen archway.
 16128 | IceCv    | Entered an ice cave
 17754 | IceCv    | Reached **** piety under Yredelemnul
 17756 | IceCv    | Reached ***** piety under Yredelemnul
 17849 | IceCv    | Reached skill level 10 in Fighting
 18387 | IceCv    | Noticed a quicksilver ooze
 18399 | IceCv    | Killed a quicksilver ooze
 18400 | IceCv    | Gained mutation: You punish those that try to bend your
                  | will. (Will+) [demonic ancestry]
 18400 | IceCv    | Reached XP level 12. HP: 61/100 MP: 12/12
 18894 | IceCv    | Annihilated by a very large slime creature

Illustrated notes

Levels and vault maps discovered:
D:1:      evilmike_arrival_hilbert_curve, layout_basic
D:2:      layout_basic, shapermc_ecumenical_altar_mp_ritualfount, basic_altar
D:3:      layout_basic, serial_shops, shop, grunt_ministairs_6,
          chequers_mini_garden, kennysheep_generic_room_16
D:4:      layout_layer_cave, chequers_serial_rivers_micro_e,
          nicolae_specific_store, nicolae_elemental_shop,
          palyth_stone_intersect, uniq_duvessa
D:5:      kennysheep_steamy, layout_loops_corners, cheibrodos_sewer_entry_bend,
          kennysheep_small_square
D:6:      layout_loops_ring, guppyfry_shop_venom
D:7:      gammafunk_steamed_eel, layout_basic, minmay_temple_entry_fiery
D:8:      lemuel_ratsnest, layout_basic, erik_lair_dragon, uniq_psyche
D:9:      layout_loops_corners, nicolae_hepliaklqana_ecumenical_no_more,
          minivault_24
D:10:     layout_basic, ebering_ghost_xom
D:11:     layout_basic, minmay_orc_entry_temple_small,
          nicolae_wu_jian_immortal_techniques
D:12:     layout_long_grid, serial_shops, nicolae_diamond_shop,
          portal_ice_cave_entry_pillars_2, minivault_16
IceCv:    ice_cave_hellmonk_azure_passage

Skill      XL: |  1  2  3  4  5  6  7  8  9 10 11 12 |
---------------+-------------------------------------+-----
Staves         | 3 4 5 6 7 9 10 11 12 | 12.0
Evocations     | 3 8 |  8.4
Armour         | 5 6 |  6.0
Fighting       | 4 11 | 11.2
Throwing       | |  1.7
Dodging        | |  2.6

Action                   |  1- 3 |  4- 6 |  7- 9 | 10-12 || total
-------------------------+-------+-------+-------+-------++-------
Melee: Quarterstaff      |    92 |   103 |   346 |   357 ||   898
       Lajatang          |       |       |       |   209 ||   209
Evoke: Wand              |       |     1 |    25 |    14 ||    40
  Use: Scroll            |       |     3 |    12 |     7 ||    22
       Potion            |       |       |     1 |     2 ||     3
 Stab: Distracted        |       |     1 |     3 |     3 ||     7
Armor: Leather armour    |     6 |       |       |       ||     6
       Chain mail        |    51 |    48 |   165 |   171 ||   435
       Ring mail         |     5 |       |       |       ||     5
Dodge: Dodged            |    62 |    70 |   204 |   360 ||   696
Block: Other             |       |       |    28 |    82 ||   110

Table legend: (Time is in decaauts)
 A = Elapsed time spent in this place.
 B = Non-inter-level travel time spent in this place.
 C = Inter-level travel time spent in this place.
 D = Time resting spent in this place.
 E = Time spent auto-exploring this place.
 F = Levels seen in this place.
 G = Mean time per level.
                   A        B        C        D        E       F      G
               +--------+--------+--------+--------+--------+-----+--------+
         Total |  18777 |  18394 |    383 |   6525 |   8623 |  14 | 1341.2 |
       Dungeon |  15527 |  15144 |    383 |   4388 |   8109 |  12 | 1293.9 |
         Sewer |    512 |    512 |      0 |      0 |    312 |   1 |  512.0 |
      Ice Cave |   2738 |   2738 |      0 |   2137 |    202 |   1 | 2738.0 |
               +--------+--------+--------+--------+--------+-----+--------+

Top non-repeatable levels by time:
   IceCv: 2738 daAuts
     D:8: 2454 daAuts
    D:10: 1950 daAuts
     D:5: 1856 daAuts
     D:4: 1349 daAuts
     D:3: 1296 daAuts
     D:9: 1249 daAuts
     D:1: 1207 daAuts
     D:7: 1110 daAuts
    D:11: 949 daAuts
     D:2: 907 daAuts
     D:6: 892 daAuts
   Sewer: 512 daAuts
    D:12: 301 daAuts
